Cogmind - Beta 12 @@@ ROGUE MODE // 2023.03.11 @ 22:04:03 Player: dhtilly Result: Destroyed by P-70 Sage with High-powered Shock Rifle Performance ------------- Evolutions (3) 1500 Regions Visited (4) 800 Robots Destroyed (65) 325 Value Destroyed (1877) 1877 Prototype IDs (4) 80 Alien Tech Used (0) 0 Bonus (52) 52 TOTAL SCORE: 4634 Bonus ------- High Alert Combat Kills 52 Cogmind --------- Core Integrity 0/700 Matter 300/300 Energy 86/100 System Corruption 8% Temperature Cool (0) Movement Core (50) Location -7/Factory Parts ------- > --- POWER (1) -------- (None) > --- PROPULSION (4) --- Light Treads Wheel > --- UTILITY (6) ------ (None) > --- WEAPON (2) ------- (None) > --- INVENTORY (5) ---- Heavy Ion Engine Light Nuclear Core Huge Storage Unit Improved Medium Laser Improved Datajack Peak State ------------ > --- POWER ------------ Heavy Ion Engine > --- PROPULSION ------- Light Treads Advanced Treads Titanium Leg Compact Wheel > --- UTILITY ---------- Large Storage Unit Improved Sensor Array Targeting Computer Improved Propulsion Shielding > --- WEAPON ----------- Improved EM Shotgun Minigun > --- INVENTORY -------- Heavy Ion Engine Light Nuclear Core Huge Storage Unit Improved EM Shotgun Arc Projector Medium Laser Improved Medium Laser Improved Medium Laser Pulse Rifle Minigun Minigun Minigun Flak Gun Rocket Launcher Improved Datajack [Rating: 29] Favorites ----------- Power Heavy Ion Engine Engine Heavy Ion Engine Propulsion Wheel Treads Light Treads Leg Titanium Leg Wheel Wheel Utility Large Storage Unit Device Shield Generator Storage Large Storage Unit Processor Targeting Computer Protection Light Armor Plating Weapon Assault Rifle Energy Gun Beam Rifle Ballistic Gun Assault Rifle Slashing Weapon Scythe Special Melee Weapon Datajack Build | -11 -10 -9 -8 -7 ------- Run | Jun Mat Mat Mat Fac Slots Evolved 6 | . . 2 2 2 Power . | . . . . . Propulsion 2 | . . 1 1 . Utility 4 | . . 1 1 2 Weapon . | . . . . . Parts Attached 53 | 6 9 20 11 7 Power 5 | 1 1 3 . . Engine 5 | 1 1 3 . . Core . | . . . . . Reactor . | . . . . . Propulsion 12 | 2 . 3 3 4 Treads 5 | . . 1 2 2 Leg 1 | . . . . 1 Wheel 6 | 2 . 2 1 1 Hover . | . . . . . Flight . | . . . . . Utility 14 | 1 2 5 6 . Device 3 | . 1 1 1 . Storage 3 | 1 1 . 1 . Processor 1 | . . . 1 . Hackware . | . . . . . Protection 7 | . . 4 3 . Artifact . | . . . . . Weapon 22 | 2 6 9 2 3 Energy Gun 8 | . 3 3 1 1 Energy Cannon . | . . . . . Ballistic Gun 10 | 2 1 5 1 1 Ballistic Cannon . | . . . . . Launcher . | . . . . . Special Weapon . | . . . . . Impact Weapon . | . . . . . Slashing Weapon 1 | . . . . 1 Piercing Weapon . | . . . . . Special Melee Weapon 3 | . 2 1 . . Unidentified Prototypes 4 | . . 4 . . Parts Lost 27 | . 1 7 6 13 Power 3 | . 1 1 . 1 Propulsion 9 | . . 1 3 5 Utility 8 | . . 2 3 3 Weapon 7 | . . 3 . 4 Highest Loss Streak 13 | . 1 4 2 13 To Critical Strikes 1 | . . 1 . . Average Slot Usage (%) 89 | . 94 95 87 72 Engine 10 | . 13 10 9 6 Treads 9 | . . 11 16 12 Wheel 18 | . 28 20 12 5 Device 5 | . 9 5 . 5 Storage 10 | . 14 11 9 6 Processor 1 | . . . 3 5 Protection 9 | . . 14 17 5 Energy Gun 10 | . 13 10 8 6 Ballistic Gun 10 | . 14 10 9 6 Naked Turns 1 | . . . . 1 Heaviest Build 47 | 13 32 40 47 37 Greatest Support 36 | 20 20 26 36 20 Greatest Overweight (x) 3 | . 1 3 2 2 Average Overweight (x) 1 | . . 1 1 1 Largest Inventory Capacity 15 | 8 15 15 15 15 Average Capacity 14 | 6 13 15 15 14 Most Carried 15 | 4 15 15 15 15 Average Carried 12 | 2 9 12 13 14 Final Capacity 15 | 8 15 15 15 5 Final Carried 15 | 4 12 15 14 5 Class Distribution -------------------- 100% | Mutant Dominant Class ---------------- Mutant | -10/Materials Mutant | -9/Materials Mutant | -8/Materials Mutant | -7/Factory Resources | -11 -10 -9 -8 -7 ----------- Run | Jun Mat Mat Mat Fac Matter Collected 1247 | 215 226 408 285 113 Remotely . | . . . . . Salvage Created 2707 | . 571 877 787 472 Parts 139 | . 27 55 40 17 Haulers Intercepted 6 | . 2 4 . . Recyclers Shooed 2 | . 1 . . 1 Parts Field Recycled . | . . . . . Retrieved Matter . | . . . . . Parts Self-Destructed . | . . . . . Prevented . | . . . . . Kills | -11 -10 -9 -8 -7 ------- Run | Jun Mat Mat Mat Fac Combat Hostiles Destroyed 55 | . 11 18 21 5 Melee 1 | . . . . 1 Guns 52 | . 11 18 19 4 AOE 2 | . . . 2 . Classes Destroyed 8 | . 2 4 . 2 Worker 1 | . . 1 . . Builder 1 | . . . . 1 Hauler 6 | . 2 4 . . Recycler 2 | . . . . 2 Swarmer 15 | . . 7 8 . Grunt 28 | . 11 4 9 4 Brawler 2 | . . 1 . 1 Sentry 10 | . . 6 4 . Best Kill Streak 7 | . 4 5 5 7 Combat Bots Only 5 | . 4 4 5 4 Max Kills in Single Turn 2 | . 1 1 1 2 Gunslinging . | . . . . . Exploded 1 | . . . 1 . Melee 1 | . . . . 1 Uniques/NPCs Destroyed . | . . . . . Combat | -11 -10 -9 -8 -7 -------- Run | Jun Mat Mat Mat Fac Damage Taken 3862 | . 286 876 967 1733 Core 1014 | . 71 115 125 703 Absorbed by Shields 295 | . 109 186 . . Redirected to Shielding 103 | . . . 84 19 Regen/Repaired (Parts) 64 | . . 64 . . Core Remaining (%) 79 | 100 71 71 77 . Volleys Fired 181 | . 33 69 57 22 Largest 2 | . 2 2 2 2 Hottest 81 | . 76 81 81 80 Shots Fired 354 | . 66 135 112 41 Gun 354 | . 66 135 112 41 Cannon . | . . . . . Launcher . | . . . . . Special . | . . . . . Kinetic 179 | . 33 69 56 21 Thermal 138 | . 33 66 39 . Explosive . | . . . . . Electromagnetic 37 | . . . 17 20 Robot Hit Streak 18 | . 13 18 14 10 Robot Miss Streak 5 | . 2 5 2 5 Penetration Max . | . . . . . Secondary Targets 6 | . . 1 3 2 Max Gunslinging Chain 1 | . . 1 1 1 Shots Hit Robots 264 | . 56 93 83 32 Core Hits 115 | . 22 37 36 20 Critical Kills 1 | . . . 1 . Critical Parts Destroyed . | . . . . . Critical Strikes 9 | . 1 4 4 . Burn 8 | . 1 4 3 . Destroy 1 | . . . 1 . Melee Attacks 9 | . 2 1 . 6 Impact . | . . . . . Slashing 6 | . . . . 6 Piercing . | . . . . . Sneak Attacks 3 | . 2 1 . . Combat Hostiles . | . . . . . Follow-up Attacks . | . . . . . Damage Inflicted 4326 | . 732 1295 1525 774 Guns 3901 | . 729 1292 1358 522 Cannons . | . . . . . Explosions 294 | . . . 167 127 Melee 125 | . . . . 125 Ramming 6 | . 3 3 . . Kinetic 1768 | . 327 579 614 248 Thermal 1894 | . 402 713 652 127 Explosive . | . . . . . Electromagnetic 533 | . . . 259 274 Impact . | . . . . . Slashing 125 | . . . . 125 Piercing . | . . . . . Highest Corruption 9 | . . 9 . 7 Average Corruption 8 | . . 8 . 5 Corruption Purged . | . . . . . Corruption Blocked . | . . . . . Effects 21 | . . 17 . 4 Message Errors 5 | . . 3 . 2 Matter Fused 5 | . . 5 . . Heat Flow Errors 2 | . . 2 . . Energy Discharges 2 | . . 1 . 1 Data Loss (minor) 2 | . . 2 . . Data Loss (major) 2 | . . 2 . . Misfires 1 | . . 1 . . Weapon Failures 2 | . . 1 . 1 Overload Shots . | . . . . . Overflow Damage 45 | . . . . 45 Projectiles . | . . . . . Explosions 45 | . . . . 45 Melee . | . . . . . Knockbacks . | . . . . . Impact . | . . . . . Kinetic . | . . . . . Secondary . | . . . . . Self-Inflicted Damage 170 | . 1 1 86 82 Shots 4 | . . . 2 2 Rammed 2 | . 1 1 . . Targets Rammed 2 | . 1 1 . . Kicked . | . . . . . Crushed . | . . . . . Highest Temperature 492 | . 128 216 492 144 Average Temperature 89 | . 47 60 154 45 Received Heat Transfer 1518 | . 159 243 423 693 Effects 3 | . . . 3 . Shutdowns 1 | . . . 1 . Energy Bleed 1 | . . . 1 . Interference 1 | . . . 1 . Siege Activations . | . . . . . Robots Corrupted . | . . . . . Combat Hostiles . | . . . . . Parts Fried 1 | . . . . 1 Impact Corruptions . | . . . . . Robots Melted . | . . . . . Combat Hostiles . | . . . . . Parts Melted 3 | . . 2 1 . Heat Transferred 4927 | . 1110 2109 1408 300 Parts Sabotaged . | . . . . . Parts Stolen . | . . . . . Parts Stripped . | . . . . . Power Chain Reactions 4 | . . . 2 2 Missiles Intercepted . | . . . . . Alert | -11 -10 -9 -8 -7 ------- Run | Jun Mat Mat Mat Fac Peak Influence 540 | . 185 383 540 267 Initial 203 | . . 15 100 203 Average 188 | . 65 207 332 196 Maximum Alert Level 2 | . . 1 2 1 Low Security (%) 51 | 100 100 49 16 11 Level 1 42 | . . 50 52 88 Level 2 6 | . . . 30 . Level 3 . | . . . . . Level 4 . | . . . . . Level 5 . | . . . . . High Security . | . . . . . Max Security . | . . . . . Squads Dispatched 5 | . 2 . 2 1 Investigation 2 | . 1 . 1 . Extermination . | . . . . . Reinforcement 2 | . 1 . 1 . Assault . | . . . . . Garrison 1 | . . . . 1 Intercept . | . . . . . Searches Triggered . | . . . . . Construction Impeded . | . . . . . Haulers Reinforced . | . . . . . Active Scanning Responses . | . . . . . Cargo Convoy Interrupts . | . . . . . Stealth | -11 -10 -9 -8 -7 --------- Run | Jun Mat Mat Mat Fac Distress Signals 9 | . 1 3 3 2 Communications Jammed . | . . . . . Distress Signals . | . . . . . Times Spotted 84 | . 19 26 27 12 Peak Tracking Total 6 | . 4 6 6 5 Tactical Retreats 2 | . . 1 1 . Traps | -11 -10 -9 -8 -7 ------- Run | Jun Mat Mat Mat Fac Traps Triggered 2 | . 2 . . . Indirectly . | . . . . . Trap Hack Attempts . | . . . . . Triggered . | . . . . . Disarmed . | . . . . . Reprogrammed . | . . . . . Reused . | . . . . . Traps Extracted . | . . . . . Installed . | . . . . . Triggered 1 | . . . 1 . Machines | -11 -10 -9 -8 -7 ---------- Run | Jun Mat Mat Mat Fac Machines Disabled . | . . . . . Max in Single Turn . | . . . . . Machines Repaired . | . . . . . Machines Sabotaged . | . . . . . Overloaded Fab Kills . | . . . . . Hacking | -11 -10 -9 -8 -7 --------- Run | Jun Mat Mat Mat Fac Machines Accessed 14 | . 7 4 2 1 Terminals 13 | . 7 3 2 1 Fabricators . | . . . . . Repair Stations 1 | . . 1 . . Recycling Units . | . . . . . Scanalyzers . | . . . . . Garrison Access . | . . . . . Total Hacks 56 | . 31 15 9 1 Successful 24 | . 13 7 4 . Failed 32 | . 18 8 5 1 Catastrophic 3 | . 1 1 1 . Database Lockouts . | . . . . . Manual 42 | . 24 9 9 . Terminals 51 | . 31 10 9 1 Fabricators . | . . . . . Repair Stations 5 | . . 5 . . Recycling Units . | . . . . . Scanalyzers . | . . . . . Garrison Access . | . . . . . Terminal Hacks 5 | . 4 1 . . Record 1 | . . 1 . . Level Access Points 1 | . 1 . . . Terminal Index 1 | . 1 . . . Unreport Threat 1 | . 1 . . . Zone Layout 1 | . 1 . . . Fabricator Hacks . | . . . . . Repair Station Hacks 4 | . . 4 . . Scan Component 2 | . . 2 . . Repair 2 | . . 2 . . Recycling Unit Hacks . | . . . . . Scanalyzer . | . . . . . Garrison Access Hacks . | . . . . . Unauthorized Hacks 15 | . 9 2 4 . Terminals 15 | . 9 2 4 . Track 5 | . 3 . 2 . Botnet 10 | . 6 2 2 . Fabricators . | . . . . . Repair Stations . | . . . . . Recycling Units . | . . . . . Scanalyzers . | . . . . . Garrison Access . | . . . . . Data Cores Recovered . | . . . . . Used . | . . . . . Hacking Detections 12 | . 7 3 2 . Full Trace Events 1 | . 1 . . . Feedback Events . | . . . . . Feedback Blocked . | . . . . . Robot Schematics Acquired . | . . . . . Robots Built . | . . . . . Authchips . | . . . . . Time . | . . . . . Total Robot Build Rating . | . . . . . Part Schematics Acquired . | . . . . . Parts Built . | . . . . . Authchips . | . . . . . Time . | . . . . . Total Part Build Rating . | . . . . . Parts Repaired 2 | . . 2 . . Time 58 | . . 58 . . Parts Recycled . | . . . . . Recycled Matter . | . . . . . Retrieved Matter . | . . . . . Retrieved Components . | . . . . . Parts Scanalyzed . | . . . . . Part Schematics Acquired . | . . . . . Parts Damaged . | . . . . . Bothacking | -11 -10 -9 -8 -7 ------------ Run | Jun Mat Mat Mat Fac Used RIF Installer . | . . . . . Robots Hacked 3 | . 2 1 . . Non-combat 3 | . 2 1 . . Combat . | . . . . . Robot Hacks Applied 3 | . 2 1 . . no_distress 3 | . 2 1 . . Relay Couplers Released . | . . . . . Fabnet Peak Effective % . | . . . . . Robots Rewired . | . . . . . Allies Hacked . | . . . . . Hacks Repelled . | . . . . . Allies | -11 -10 -9 -8 -7 -------- Run | Jun Mat Mat Mat Fac Total Allies . | . . . . . Largest Group . | . . . . . Highest-Rated Group . | . . . . . Highest-Rated Ally . | . . . . . Total Orders . | . . . . . Ally Attacks . | . . . . . Total Damage . | . . . . . Kills . | . . . . . Allies Corrupted . | . . . . . Allies Melted . | . . . . . Intel | -11 -10 -9 -8 -7 ------- Run | Jun Mat Mat Mat Fac Robot Analysis Total . | . . . . . Derelict Logs Recovered . | . . . . . Drone Launches . | . . . . . Drone Recoveries . | . . . . . Exploration | -11 -10 -9 -8 -7 ------------- Run | Jun Mat Mat Mat Fac Turns Passed 2785 | 45 784 924 580 452 Spaces Moved 1794 | 41 670 518 285 280 Core 13 | 3 . . . 10 Treads 2 | . . . . 2 Legs 2 | . . . . 2 Wheels 1777 | 38 670 518 285 266 Hover . | . . . . . Flight . | . . . . . Fastest Speed 50 | 50 80 95 101 50 Average Speed 104 | 77 90 103 122 128 Slowest Speed 240 | 80 95 125 130 240 Overloaded Moves . | . . . . . Propulsion Burnouts . | . . . . . Robots Hopped . | . . . . . Cave-ins Triggered . | . . . . . Exploration Rate (%) 32 | 4 86 39 27 8 Regions Visited 4 Branch Regions . Pre-discovered Areas . | . . . . . Known Exits Taken 1 | . 1 . . . Unknown Exits Taken 3 | 1 . 1 1 . Scrap Searched . | . . . . . Spaces Dug . | . . . . . Terrain Destroyed 10 | . . . 7 3 Melee . | . . . . . Projectile . | . . . . . AOE 10 | . . . 7 3 Terrain Rammed . | . . . . . Walls Destroyed . | . . . . . Machines Disabled . | . . . . . Actions | -11 -10 -9 -8 -7 --------- Run | Jun Mat Mat Mat Fac Total 2353 | 50 778 785 415 325 Wait 243 | . 45 138 57 3 Move 1789 | 40 669 517 283 280 Hop . | . . . . . Pick Up 42 | 4 11 20 3 4 Fast Attach 26 | 6 3 8 5 4 Attach 16 | . 2 7 4 3 Detach 8 | . 3 3 2 . Swap 11 | . 4 5 2 . Drop 26 | . 5 16 2 3 Fire 181 | . 33 69 57 22 Melee 9 | . 2 1 . 6 Ram 2 | . 1 1 . . Kick . | . . . . . Crush . | . . . . . Escape Stasis . | . . . . . Rewire . | . . . . . Trap . | . . . . . Miscellaneous . | . . . . . Route ------- -11/Junkyard -10/Materials (discovered 4 exits: *Mat x3 / [*Min]) -9/Materials -8/Materials -7/Factory History --------- Turn | Location | Event 9 | -11/Junkyard | Discovered new exit (range 15) 46 | -11/Junkyard | Entered Materials 96 | -10/Materials | Identified exit to Materials 325 | -10/Materials | Build established: Mutant 452 | -10/Materials | Discovered new exit (range 16) 830 | -10/Materials | Entered another Materials area 830 | -9/Materials | Evolved 2 slots: Propulsion x1, Utility x1 969 | -9/Materials | Repaired Shield Generator 996 | -9/Materials | Repaired Wheel 1351 | -9/Materials | Lost 4 parts (1p2u1w) 1450 | -9/Materials | Discovered new exit (range 15) 1754 | -9/Materials | Entered another Materials area 1754 | -8/Materials | Evolved 2 slots: Propulsion x1, Utility x1 2302 | -8/Materials | Discovered new exit (range 16) 2334 | -8/Materials | Entered Factory 2334 | -7/Factory | Evolved 2 slots: Utility x2 2705 | -7/Factory | Garrison activated, responded to threat 2772 | -7/Factory | Core integrity fell below 50% 2778 | -7/Factory | Core integrity fell below 20% 2778 | -7/Factory | Released all parts (2) 2786 | -7/Factory | Destroyed by P-70 Sage with High-powered Shock Rifle Last Messages --------------- 02759_ Lgt. Treads destroyed. 02761_ Arc Projector destroyed. 02761_ Titanium Leg destroyed. 02761_ Hvy. Ion Engine destroyed. 02761_ Minigun destroyed. 02763_ K-01 Serf collects debris. 02763_ G-50 Soldier misfires. 02764_ U-05 Engineer lays Concrete. 02767_ P-70 Sage resets G-50 Soldier, system corruption cleaned. 02771_ M RRZIM11LJ=IOCZPNZ%/ &LI1CWNL# >T:PP2UW 02776_ G-47 Trooper destroyed. 02777_ Critical hit (Burn: +37). 02778_ Released Lrg. Storage Unit. 02778_ Released Scythe. 02779_ Acquired Wheel. 02781_ Acquired 22 matter. 02781_ K-01 Serf collects debris. 02782_ Acquired Lgt. Treads. 02783_ Acquired 10 matter. 02785_ K-01 Serf collects debris. Map ----- +----------------------------------------------------+ | ??????????? ^ #??????? | | ??????????? """"""""" !! #??????? | | ??????????? !! #??????? | | ???????????? """"""""" *|[ #??????? | | ???????????? |[ #??????? | | ??????? """"""""" """"""""" |[ #??????? | | ?????? #??????? | | ?????? ######## | | ?????? ### ## # | | ????????????+###### T## #?# ############ ## ! # | | ??????????????????###?# #?# #??????????# ## # | | ??????????????????????#+###+########???# ##] # | | ??????????????????????# #???# ######+# | | ??????????????????????# #???# # | | ??????????????????????# #???# # | | ??????????????????????# #???# # | | ???????????????????#### #???# + | | ???????????????????# + [ #???# # | | ???????????????????# ## =%[ #???##+###### # | | ??????????????????????# [ #??? ???# | | ??????????????????????# ][= #??# """ #?# | | ??????????????????????# [[!=[ #??# """ #?# | | ??????????????????????# [!%**!/ #??# """ #?# | | ???????????????????#??# !!%=%[! #??# ###+# | | ??????????????????##+########/#+####??#! # | | ??????????????????# @ pgY=##????######## | | ??????????????????# ## *g%k#????????????# | | ??????????????????# ## =!=#????????????# | | ??????????????????# ## #????????????##### | | ??????????????????# ## #????????????????? | | ??????????????????# ## #????????????????? | | ??????????????????# ## #????????????????? | | ??????????????????+ ## #????????????????? | | ??????????????????# ## #????????????????? | | ??????????????????# ## #????????????????? | | ??????????????????# ## +????????????????? | | ??????????????????# ## #????????????????? | | ??????????????????# ## #????????????????? | | ??????????????????###+##### #????????????????? | | ?????????????????????????? #????????????????? | | ?????????????????????????? #????????????????? | | ??????????????????????????? ?????????????????? | | ?????????????????????????????????????????????????? | | ?????????????????????????????????????????????????? | | ?????????????????????????????????????????????????? | | ?????????????????????????????????????????????????? | | ?????????????????????????????????????????????????? | | ?????????????????????????????????????????????????? | | ?????????????????????????????????????????????????? | | ?????????????????????????????????????????????????? | +----------------------------------------------------+ Best States ------------- Heat Dissipation 34 Energy Generation 14 Energy Capacity 280 Matter Stores 300 Matter Capacity 300 Sight Range 16 Robot Scan Range 15 Terrain Scan Density 10 Armor Coverage 525 Propulsion Shielding 66 Evasion (%) 50 Targeting Accuracy 5 Recoil Reduction 2 Item Schematics ----------------- None Robot Schematics ------------------ None Fabricated ------------ Nothing Alien Tech Used ----------------- None Achievements -------------- None Challenges ------------ None Game ------ Seed SniperChargeAutocannon Manual? 0 Play Time 00:35:48 Cumulative 84.5 hours Start 2023.03.11 @ 21:03:11 End 2023.03.11 @ 22:04:03 Sessions 1 Manual Loads 0 Difficulty Rogue Special Mode None Game No. 49 Rogue 49 Adventurer 0 Explorer 0 Win Type - Total 0 Types 0/0/0/0/0/0/0/0/0 Lore% 39 Gallery% 49 Achievement% 40 Wizard Run 0 Options --------- ASCII 0 Keyboard 1 Movement Vi Keybinds 0 Fullscreen 1 Font 12/Smallcaps Map View 83x54 Tactical HUD 1 Map Filters NONE Filters NONE Steam 1 RUN: 44464859-36d1-49ff-9ffa-9b0839728928